Map: Romanticide LE

Players

MCanning

  • Race: Protoss Protoss

Nina - Winner!

  • Race: Protoss Protoss
  • League: Grandmaster

Event: DreamHack SC2 Masters 2021 Summer

VOD

Have the link to the VOD?

Description

Time

  • Played on: May 28, 2021, 4:28 p.m.
  • Length: 17:48

All games in this series

Show
View Real Time Build Order
Export as new Build Order

MCanning Protoss 

Build Orders: Blink Stalkers, Zealot Archon 

Get SALT Encoding   

  12  0:00  Probe  
  13  0:12  Probe  
  14  0:17  Pylon  
  14  0:24  Probe  
  15  0:37  Probe (Chrono Boost), Gateway  
  16  0:47  Probe (Chrono Boost), Assimilator  
  17  0:52  Probe (Chrono Boost)  
  17  0:55  Assimilator  
  18  1:03  Probe (Chrono Boost)  
  19  1:09  Gateway  
  19  1:15  Probe (Chrono Boost)  
  20  1:24  Cybernetics Core  
  20  1:25  Probe  
  21  1:36  Pylon  
  21  1:38  Probe  
  22  1:50  Probe  
  23  2:00  Stalker (Chrono Boost)  
  27  2:02  Probe  
  27  2:04  Warp Gate (Chrono Boost)  
  27  2:08  Sentry (Chrono Boost)  
  28  2:10  Pylon  
  28  2:21  Probe  
  28  2:22  Pylon  
  29  2:30  Stalker  
  29  2:33  Probe  
  32  2:52  Nexus  
  32  2:57  Shield Battery  
  32  3:04  Probe  
  33  3:08  Sentry  
  35  3:15  Twilight Council  
  35  3:16  Probe  
  36  3:26  Pylon  
  36  3:28  Probe  
  37  3:36  Shield Battery  
  37  3:40  Probe  
  38  3:51  Forge  
  38  3:53  Probe, Sentry  
  41  3:57  Blink (Chrono Boost)  
  41  4:05  Probe (Chrono Boost)  
  43  4:10  Probe (Chrono Boost)  
  43  4:14  Probe (Chrono Boost)  
  43  4:16  Robotics Facility  
  44  4:19  Probe (Chrono Boost)  
  44  4:20  Probe  
  44  4:22  Protoss Ground Weapons Level 1 (Chrono Boost)  
  46  4:31  Probe  
  46  4:33  Probe  
  46  4:35  Stalker  
  50  4:41  Pylon  
  50  4:43  Probe  
  51  4:45  Probe  
  51  4:53  Stalker  
  51  4:55  Probe  
  51  4:58  Probe  
  55  5:04  Observer  
  56  5:08  Probe  
  56  5:09  Nexus  
  57  5:14  Probe, Pylon  
  57  5:20  Probe  
  59  5:23  Stalker  
  59  5:26  Probe  
  62  5:32  Probe, Assimilator  
  63  5:37  Gateway  
  63  5:38  Probe  
  63  5:40  Observer, Gateway  
  63  5:41  Charge (Chrono Boost)  
  65  5:44  Probe  
  65  5:48  Shield Battery  
  66  5:50  Probe  
  66  5:55  Photon Cannon  
  66  5:56  Probe  
  68  6:03  Probe  
  69  6:06  Templar Archives  
  69  6:08  Probe  
  69  6:11  Gateway  
  70  6:15  Probe  
  70  6:16  Gateway  
  71  6:20  Probe  
  71  6:22  Gateway, Protoss Ground Weapons Level 2 (Chrono Boost)  
  72  6:27  Gateway  
  73  6:33  Pylon  
  73  6:39  Shield Battery  
  72  6:40  Stalker  
  72  6:44  Probe  
  72  6:46  Immortal  
  79  6:47  Probe  
  79  6:52  Zealot x2  
  84  6:54  Probe  
  84  6:56  Probe  
  84  7:00  Pylon  
  86  7:04  Probe, Photon Cannon  
  86  7:06  Probe  
  86  7:08  Probe, Assimilator  
  88  7:12  Assimilator  
  88  7:14  Assimilator  
  89  7:17  Probe  
  89  7:18  Robotics Bay  
  89  7:19  Probe  
  89  7:20  Probe  
  92  7:24  Pylon  
  92  7:29  Probe  
  93  7:31  Probe  
  93  7:32  Probe  
  93  7:35  Pylon  
  93  7:37  High Templar x2, Zealot x3  
  97  7:41  Probe  
  106  7:44  Archon, Pylon x2  
  106  7:51  Zealot x3  
  106  7:58  High Templar x2, Pylon  
  112  8:02  Disruptor (Chrono Boost)  
  112  8:03  Archon, Zealot  
  112  8:05  Probe  
  117  8:09  Zealot x2  
  124  8:14  Robotics Facility  
  124  8:15  Pylon  
  124  8:16  Photon Cannon  
  124  8:24  Zealot  
  124  8:25  Zealot x3  
  126  8:29  Disruptor (Chrono Boost)  
  126  8:31  Protoss Ground Weapons Level 3 (Chrono Boost)  
  125  8:42  Probe  
  125  8:45  Nexus  
  125  8:47  Stalker  
  125  8:48  Stalker  
  128  8:50  Pylon  
  128  8:55  Dark Shrine  
  124  9:05  Stalker x3  
  128  9:11  Disruptor  
  128  9:12  Probe  
  132  9:20  Photon Cannon  
  132  9:21  Photon Cannon  
  132  9:23  Shield Battery  
  132  9:26  Disruptor  
  132  9:30  Gateway  
  129  9:31  Probe  
  129  9:32  Probe, Gateway  
  129  9:36  Probe  
  132  9:40  Photon Cannon  
  132  9:42  Pylon  
  132  9:43  Photon Cannon  
  132  9:44  Probe  
  133  9:46  Photon Cannon  
  133  10:00  Probe  
  133  10:01  Observer, Gravitic Boosters (Chrono Boost)  
  133  10:02  Assimilator  
  133  10:04  Disruptor (Chrono Boost)  
  133  10:06  Assimilator  
  134  10:08  Shadow Stride  
  140  10:14  Probe, Disruptor (Chrono Boost)  
  141  10:23  Zealot x2  
  141  10:25  Stalker x2  
  141  10:26  Stalker x3  
  155  10:32  Disruptor  
  155  10:33  Photon Cannon  
  155  10:35  Pylon  
  158  10:38  Photon Cannon  
  158  10:39  Shield Battery  
  158  10:45  Shield Battery  
  158  10:46  Pylon  
  154  10:55  Disruptor (Chrono Boost)  
  157  11:03  Zealot x5  
  161  11:08  Disruptor (Chrono Boost)  
  160  11:16  Protoss Shields Level 1 (Chrono Boost)  
  155  11:20  Stalker x3  
  155  11:21  Stalker x2  
  165  11:29  Dark Templar x2  
  165  11:30  Dark Templar  
  165  11:32  Nexus  
  174  11:33  Disruptor (Chrono Boost)  
  174  11:36  Pylon, Dark Templar  
  174  11:37  Zealot  
  181  11:45  Observer (Chrono Boost)  
  175  11:51  Zealot  
  177  11:58  Zealot  
  177  11:59  Zealot x3  
  178  12:05  Disruptor  
  173  12:12  Zealot x2  
  173  12:13  Zealot x4  
  174  12:22  Disruptor  
  150  12:26  Stalker x2  
  150  12:27  Stalker x2  
  155  12:35  Stalker  
  155  12:36  Stalker x2  
  126  12:45  Probe  
  126  12:46  Probe  
  126  12:48  Photon Cannon  
  126  12:49  Photon Cannon  
  126  12:50  Photon Cannon  
  126  12:51  Photon Cannon  
  126  12:52  Shield Battery x2, Stalker x4  
  126  12:53  Pylon  
  126  12:55  Observer  
  126  12:58  Assimilator  
  134  13:00  Photon Cannon  
  134  13:01  Disruptor  
  137  13:05  Disruptor  
  137  13:08  Zealot x2  
  142  13:18  Zealot  
  142  13:19  Zealot x4  
  140  13:27  Zealot x2  
  139  13:31  Probe x3  
  144  13:36  Disruptor, Dark Templar x2  
  151  13:47  Dark Templar  
  151  13:48  Photon Cannon  
  153  13:50  Photon Cannon  
  153  13:51  High Templar x2  
  153  13:55  Stalker x2  
  161  14:00  Archon  
  161  14:02  Stalker x3  
  159  14:16  Dark Templar x2  
  163  14:23  Protoss Shields Level 2  
  149  14:29  Stalker x7  
  162  14:33  Disruptor (Chrono Boost)  
  162  14:37  Assimilator  
  162  14:39  Assimilator  
  162  14:41  Observer (Chrono Boost)  
  163  14:47  Stalker  
  138  15:09  Stalker x4  
  138  15:10  Disruptor (Chrono Boost), Stalker x4  
  152  15:15  Disruptor (Chrono Boost)  
  139  15:30  Zealot  
  139  15:34  Zealot x4  
  139  15:35  Zealot x4  
  150  15:39  Observer  
  150  15:42  Zealot  
  150  15:46  Nexus  
  122  15:54  Observer, Zealot x4  
  122  15:55  Zealot  
  124  15:59  Stalker x2  
  112  16:09  Stalker x3  
  118  16:20  Pylon  
  118  16:24  High Templar x4  
  123  16:30  Archon x2  
  107  16:35  Zealot x5  
  107  16:36  Disruptor x2 (Chrono Boost)  
  121  16:44  Photon Cannon  
  121  16:52  Dark Templar  
  123  16:56  Shield Battery  
  122  17:02  Photon Cannon, Shield Battery  
  122  17:04  Pylon  
  122  17:05  Disruptor (Chrono Boost), Stalker x3  
  131  17:14  Assimilator  
  131  17:17  Assimilator  
  131  17:19  Disruptor (Chrono Boost)  
  131  17:22  Zealot x4  
  136  17:34  Zealot x3  
Show
View Real Time Build Order
Export as new Build Order

Nina Protoss - Winner!

Build Orders: Oracle Opening 

Get SALT Encoding   

  12  0:00  Probe  
  13  0:12  Probe  
  14  0:17  Pylon  
  14  0:24  Probe (Chrono Boost)  
  15  0:36  Probe (Chrono Boost)  
  15  0:37  Gateway  
  16  0:45  Probe (Chrono Boost)  
  16  0:49  Assimilator  
  17  0:51  Probe  
  18  1:03  Probe, Assimilator  
  19  1:15  Probe, Gateway  
  20  1:27  Probe, Cybernetics Core  
  20  1:32  Pylon  
  21  1:40  Probe  
  22  1:52  Probe  
  23  2:03  Stalker  
  23  2:06  Probe  
  26  2:08  Stalker  
  28  2:18  Probe, Warp Gate (Chrono Boost)  
  29  2:27  Nexus  
  29  2:32  Probe  
  30  2:40  Pylon  
  30  2:44  Probe  
  31  2:56  Probe  
  31  2:57  Stargate  
  31  3:05  Shield Battery  
  31  3:08  Probe  
  31  3:11  Stalker  
  34  3:14  Stalker  
  36  3:20  Probe  
  36  3:23  Pylon  
  37  3:32  Shield Battery  
  37  3:34  Probe  
  38  3:42  Oracle (Chrono Boost)  
  38  3:43  Probe  
  38  3:48  Probe  
  43  3:55  Probe  
  43  4:00  Probe  
  45  4:03  Twilight Council  
  45  4:07  Probe (Chrono Boost)  
  46  4:10  Forge  
  46  4:16  Stalker  
  49  4:17  Probe (Chrono Boost)  
  49  4:19  Probe (Chrono Boost)  
  49  4:21  Stalker  
  52  4:26  Probe x2 (Chrono Boost), Assimilator  
  54  4:35  Pylon  
  54  4:36  Probe  
  54  4:38  Probe  
  56  4:51  Blink  
  56  4:53  Probe  
  56  4:55  Probe  
  58  5:00  Nexus  
  58  5:04  Pylon  
  58  5:05  Probe  
  58  5:06  Protoss Ground Weapons Level 1 (Chrono Boost)  
  59  5:14  Probe  
  59  5:18  Robotics Facility  
  60  5:22  Gateway  
  60  5:23  Stalker  
  60  5:28  Gateway  
  62  5:32  Gateway  
  62  5:34  Probe x2  
  64  5:45  Gateway  
  64  5:46  Probe x2  
  66  5:54  Pylon  
  66  5:55  Gateway  
  66  5:57  Sentry x2  
  66  5:58  Probe, Pylon  
  66  5:59  Probe  
  66  6:03  Pylon  
  72  6:10  Probe  
  72  6:11  Observer (Chrono Boost), Probe  
  74  6:13  Probe, Photon Cannon  
  76  6:19  Stalker  
  76  6:23  Probe x2, Stalker  
  82  6:26  Stalker  
  82  6:30  Stalker  
  82  6:32  Probe  
  87  6:34  Stalker  
  87  6:38  Observer  
  90  6:40  Probe  
  90  6:41  Probe  
  90  6:43  Assimilator x2  
  90  6:45  Probe  
  93  6:48  Photon Cannon, Pylon  
  93  6:50  Protoss Ground Weapons Level 2 (Chrono Boost)  
  93  6:52  Probe  
  94  6:55  Probe  
  95  7:02  Probe  
  95  7:03  Pylon  
  95  7:06  Probe  
  95  7:07  Probe  
  98  7:11  Observer, Stalker x2  
  98  7:12  Stalker  
  98  7:15  Observer, Stalker  
  106  7:19  Pylon  
  106  7:24  Nexus  
  106  7:37  Robotics Bay  
  106  7:38  Observer  
  106  7:39  Stalker x3  
  106  7:40  Pylon  
  106  7:43  Observer  
  112  7:46  Photon Cannon  
  112  7:51  Robotics Facility  
  112  7:52  Assimilator  
  112  7:56  Probe, Stalker x2  
  117  8:02  Probe  
  118  8:05  Shield Battery  
  118  8:06  Photon Cannon  
  118  8:13  Probe  
  118  8:14  Probe  
  118  8:15  Photon Cannon, Pylon  
  118  8:17  Photon Cannon  
  118  8:19  Pylon  
  120  8:24  Disruptor  
  120  8:26  Probe  
  122  8:31  Stalker x4  
  129  8:38  Probe x3  
  129  8:40  Photon Cannon  
  131  8:46  Probe  
  132  8:49  Assimilator  
  132  8:50  Probe x2  
  132  8:51  Assimilator  
  132  8:54  Photon Cannon  
  132  8:55  Probe  
  135  8:59  Probe, Photon Cannon  
  135  9:01  Pylon  
  136  9:05  Disruptor  
  136  9:06  Disruptor  
  142  9:15  Probe x2  
  139  9:38  Probe x2  
  139  9:41  Disruptor x2  
  139  9:43  Pylon, Dark Shrine  
  146  9:46  Protoss Ground Weapons Level 3  
  146  9:48  Nexus  
  146  9:52  Photon Cannon, Pylon  
  146  9:53  Photon Cannon  
  146  9:57  Stalker x4  
  151  10:02  Probe  
  152  10:09  Charge (Chrono Boost)  
  152  10:10  Stalker x2  
  152  10:11  Stalker  
  158  10:16  Disruptor  
  158  10:17  Disruptor  
  158  10:18  Gateway  
  158  10:19  Photon Cannon  
  158  10:20  Observer  
  161  10:21  Gateway, Pylon  
  161  10:23  Observer  
  161  10:27  Gravitic Boosters  
  161  10:35  Probe  
  161  10:37  Photon Cannon  
  161  10:38  Gateway  
  162  10:52  Disruptor  
  162  10:54  Observer  
  143  11:09  Stalker x3  
  143  11:10  Stalker x4  
  155  11:14  Disruptor  
  158  11:19  Probe x5  
  158  11:22  Shadow Stride  
  158  11:23  Observer  
  163  11:27  Robotics Facility  
  163  11:28  Disruptor  
  163  11:29  Nexus  
  163  11:30  Pylon x2  
  163  11:31  Probe x3  
  163  11:32  Pylon  
  169  11:37  Photon Cannon  
  169  11:38  Pylon, Stalker x4  
  169  11:39  Probe  
  178  11:41  Shield Battery  
  178  11:49  Dark Templar  
  178  11:50  Disruptor, Dark Templar  
  183  12:04  Observer  
  183  12:07  Dark Templar  
  174  12:25  Disruptor  
  174  12:26  Disruptor  
  174  12:31  Dark Templar  
  174  12:32  Dark Templar x3  
  164  12:47  Dark Templar  
  164  12:48  Dark Templar  
  164  12:49  Observer  
  164  12:50  Zealot x4  
  176  12:54  Probe, Shield Battery  
  176  12:56  Probe x2  
  176  12:58  Probe x2, Photon Cannon  
  181  12:59  Photon Cannon  
  181  13:01  Photon Cannon, Disruptor, Gateway  
  181  13:02  Disruptor  
  181  13:03  Photon Cannon  
  181  13:05  Gateway, Photon Cannon  
  187  13:07  Gateway  
  187  13:10  Photon Cannon  
  187  13:12  Pylon  
  187  13:13  Assimilator  
  187  13:14  Assimilator  
  155  13:30  Zealot x10  
  173  13:36  Probe x2, Disruptor  
  173  13:37  Probe  
  173  13:38  Probe x3  
  182  13:47  Observer  
  182  13:48  Probe x2  
  184  13:49  Probe  
  184  13:50  Probe x2, Dark Templar x4  
  184  13:51  Dark Templar x2  
  200  13:57  Nexus  
  200  13:59  Assimilator  
  200  14:01  Assimilator  
  200  14:02  Zealot x4  
  200  14:05  Nexus  
  200  14:08  Observer  
  199  14:13  Disruptor x2, Pylon  
  181  14:17  Stalker x2  
  181  14:18  Stalker  
  155  14:29  Disruptor, Stalker x3  
  155  14:30  Stalker x6  
  163  14:33  Stalker  
  165  14:42  Zealot x3  
  165  14:43  Probe  
  172  14:48  Disruptor  
  173  14:52  Zealot x2  
  173  14:53  Zealot x7  
  188  15:03  Zealot x2  
  188  15:05  Disruptor x2  
  188  15:07  Observer  
  192  15:09  Probe  
  193  15:14  Dark Templar x3  
  199  15:22  Probe  
  199  15:27  Observer  
  195  15:29  Dark Templar x3  
  195  15:35  Dark Templar x3  
  198  15:40  Probe x2  
  193  15:49  Dark Templar x3  
  184  15:55  Disruptor  
  137  16:05  Stalker x4  
  137  16:06  Probe, Zealot x3  
  145  16:13  Zealot x3  
  145  16:14  Probe  
  150  16:28  Nexus  
  150  16:31  Stalker x2  
  150  16:32  Zealot x2, Stalker x5  
  150  16:33  Zealot x4  
  150  16:34  Probe x2, Nexus  
  150  16:37  Probe, Pylon  
  150  16:38  Probe  
  150  16:39  Pylon  
  166  16:41  Probe  
  166  16:42  Probe  
  169  16:48  Observer, Unknown  
  169  16:50  Pylon  
  169  16:51  Probe  
  170  16:58  Stalker x6  
  170  16:59  Stalker x2  
  186  17:02  Disruptor, Shield Battery  
  186  17:04  Photon Cannon  
  186  17:08  Dark Templar x4  
  197  17:12  Photon Cannon  
  197  17:18  Photon Cannon  
  197  17:20  Photon Cannon  
  195  17:33  Stalker x2  
Tags
 
Add a new tag
Caveats
  • Supply blocks, unpowered buildings, or Contaminate may cause inaccurate times.
  • Supply counts are checked every 10 seconds.